Map: El Dorado

Players

rafaafosno

  • Race: Protoss Protoss
  • League: Master
  • Spawn Location: 5:00

XKGhost - Winner!

  • Race: Terran Terran
  • Spawn Location: 7:00

VOD

Have the link to the VOD?

Description

Time

  • Played on: March 8, 2025, 4:03 p.m.
  • Length: 16:47
Show
View Real Time Build Order
Export as new Build Order

rafaafosno Protoss 

Build Orders:  

Get SALT Encoding   

  12  0:14  Probe  
  12  0:20  Pylon  
  13  0:22  Probe  
  14  0:37  Pylon  
  14  0:40  Assimilator  
  14  0:58  Gateway  
  14  1:03  Forge  
  14  1:04  Probe  
  15  1:12  Probe  
  15  1:18  Assimilator  
  16  1:34  Probe  
  17  1:46  Probe  
  18  1:50  Photon Cannon  
  18  1:58  Probe  
  19  2:02  Photon Cannon  
  19  2:06  Probe  
  19  2:14  Probe  
  21  2:25  Probe  
  22  2:31  Protoss Shields Level 1  
  22  2:46  Pylon  
  22  2:55  Cybernetics Core  
  22  3:01  Zealot  
  24  3:28  Zealot  
  26  3:44  Pylon  
  26  3:52  Shield Battery  
  26  4:09  Stargate  
  26  4:12  Stargate  
  26  4:20  Photon Cannon  
  26  4:23  Pylon  
  26  4:25  Photon Cannon  
  26  4:33  Photon Cannon  
  26  4:41  Photon Cannon  
  26  4:46  Pylon  
  26  4:51  Stalker  
  26  4:56  Probe  
  29  5:16  Stalker  
  31  5:32  Nexus  
  31  5:43  Assimilator  
  31  5:45  Assimilator  
  31  5:49  Pylon  
  31  6:13  Twilight Council  
  31  6:21  Void Ray x2  
  39  6:41  Probe  
  40  6:49  Probe  
  41  6:58  Probe  
  41  7:05  Protoss Air Armor Level 1  
  41  7:06  Probe  
  41  7:08  Protoss Shields Level 2  
  42  7:14  Probe  
  44  7:25  Probe  
  45  7:37  Probe  
  54  7:49  Probe, Void Ray x2  
  55  7:57  Probe  
  56  8:05  Probe  
  57  8:15  Probe  
  58  8:27  Probe  
  59  8:40  Probe  
  54  8:43  Photon Cannon  
  43  8:52  Probe  
  44  8:56  Probe  
  45  9:05  Probe, Pylon  
  45  9:07  Photon Cannon  
  46  9:10  Photon Cannon  
  46  9:13  Probe, Protoss Air Weapons Level 1  
  46  9:17  Robotics Facility  
  46  9:22  Probe  
  47  9:24  Pylon  
  47  9:28  Photon Cannon  
  47  9:31  Probe, Pylon  
  48  9:34  Probe  
  50  9:39  Probe  
  51  9:47  Probe  
  51  9:50  Photon Cannon  
  52  9:53  Probe  
  52  9:55  Pylon  
  53  10:05  Observer  
  54  10:19  Photon Cannon  
  54  10:22  Photon Cannon  
  54  10:29  Probe  
  55  10:37  Probe  
  56  10:46  Probe  
  57  10:50  Fleet Beacon  
  57  10:58  Probe  
  58  11:10  Probe  
  59  11:28  Flux Vanes  
  67  11:32  Protoss Shields Level 3  
  67  11:35  Void Ray  
  67  11:36  Void Ray  
  67  12:03  Protoss Air Armor Level 2  
  67  12:13  Photon Cannon  
  67  12:16  Stalker  
  67  12:17  Photon Cannon  
  67  12:18  Observer  
  70  12:35  Stalker  
  72  12:59  Stalker  
  62  13:25  Stalker  
  52  13:43  Stalker  
  52  13:45  Carrier  
  52  13:47  Carrier  
  66  14:01  Gateway  
  66  14:10  Stalker, Forge  
  68  14:20  Protoss Ground Armor Level 1  
  68  14:33  Nexus  
  68  14:37  Stalker  
  68  14:44  Assimilator  
  70  14:46  Carrier, Stalker  
  78  15:04  Stalker  
  78  15:13  Stalker  
  82  15:40  Stalker  
Show
View Real Time Build Order
Export as new Build Order

XKGhost Terran - Winner!

Build Orders:  

Get SALT Encoding   

  12  0:00  SCV  
  13  0:14  Supply Depot  
  13  0:24  Refinery  
  13  0:32  Refinery, SCV  
  14  0:48  Barracks  
  14  0:56  SCV  
  15  1:08  SCV  
  16  1:20  SCV  
  17  1:32  SCV  
  18  1:37  Factory  
  18  1:41  Barracks Tech Lab  
  18  1:44  SCV  
  19  1:56  SCV  
  20  2:07  Marauder  
  22  2:08  SCV  
  23  2:21  Factory Tech Lab  
  23  2:22  Supply Depot  
  23  2:36  Supply Depot  
  23  2:39  Concussive Shells  
  23  2:43  Marine  
  23  2:44  SCV  
  25  2:57  Starport  
  25  3:01  Marine  
  26  3:16  Armory  
  26  3:19  Marine, SCV  
  28  3:22  Combat Shield  
  28  3:33  Orbital Command  
  28  3:35  Starport Tech Lab  
  28  3:37  Marine  
  29  3:48  Engineering Bay  
  29  3:55  Marine  
  30  4:03  Viking  
  32  4:13  Marauder  
  34  4:26  Missile Turret  
  34  4:27  Siege Tank  
  37  4:59  Cloaking Field, Command Center  
  37  5:04  Marine  
  38  5:16  Missile Turret  
  38  5:28  Medivac  
  40  5:38  Supply Depot  
  40  5:57  Banshee  
  43  6:06  Starport  
  43  6:10  Marauder  
  45  6:29  SCV  
  45  6:30  Marine  
  47  6:36  Refinery  
  47  6:40  Banshee  
  47  6:41  SCV  
  47  6:43  Starport Reactor  
  51  6:48  Marine, Starport Tech Lab  
  51  6:53  SCV  
  53  6:58  Barracks  
  53  7:03  SCV  
  53  7:05  SCV  
  53  7:06  Banshee  
  58  7:31  Viking  
  60  7:46  Barracks Tech Lab  
  60  7:48  SCV  
  60  7:49  Ghost Academy, Viking  
  63  7:53  Marine  
  64  8:01  SCV, Viking  
  67  8:07  Refinery  
  67  8:13  SCV  
  67  8:19  Viking  
  70  8:25  SCV  
  71  8:31  Viking  
  73  8:37  SCV  
  74  8:49  SCV, Viking  
  68  9:01  Viking  
  68  9:02  SCV  
  71  9:14  SCV  
  71  9:17  Starport  
  72  9:19  Viking  
  74  9:26  SCV  
  75  9:31  Viking  
  75  9:38  Marine  
  78  9:46  Marine  
  78  9:47  Nuke  
  78  9:48  Viking  
  81  9:55  Ghost Academy  
  81  9:58  SCV  
  82  10:01  Viking  
  82  10:02  Viking  
  86  10:10  SCV  
  87  10:15  Terran Ship Weapons Level 1  
  87  10:18  Viking  
  89  10:31  Viking  
  89  10:32  Viking  
  89  10:33  Personal Cloaking  
  93  10:35  Command Center  
  93  10:49  Supply Depot  
  93  10:54  Supply Depot  
  93  11:10  Ghost  
  96  11:13  Supply Depot  
  96  11:18  Orbital Command  
  96  11:21  Marine  
  97  11:38  Marine  
  97  11:39  Marine  
  99  11:45  Viking x3  
  105  11:57  Marauder x2  
  109  12:09  Terran Vehicle And Ship Armor Level 1  
  109  12:12  Refinery  
  109  12:15  Viking x3  
  111  12:18  Marine x2  
  117  12:24  Starport  
  117  12:36  Marauder, Marine  
  120  12:45  Viking  
  120  12:46  SCV  
  123  12:54  Marauder  
  123  12:57  Marauder  
  127  13:05  Viking  
  129  13:06  Refinery  
  129  13:15  Marine  
  129  13:18  Marine  
  129  13:27  Viking x3  
  127  13:31  Missile Turret  
  127  13:33  Marine  
  132  13:36  Marine  
  132  13:41  SCV  
  134  13:51  Armory  
  134  13:53  SCV  
  135  14:01  Supply Depot  
  135  14:02  SCV  
  136  14:03  Terran Ship Weapons Level 2, Supply Depot  
  136  14:05  SCV  
  137  14:14  SCV  
  137  14:16  Viking  
  140  14:22  Viking x2  
  144  14:26  SCV  
  145  14:49  Starport Reactor, Viking  
  145  14:52  Viking x2  
  148  15:14  Fusion Core  
  148  15:17  Marauder x2  
  148  15:19  Viking  
  154  15:22  Viking  
  156  15:30  Viking  
  156  15:34  Viking x2  
  162  15:38  Marine x2  
  164  15:49  Viking  
  166  15:52  Viking  
  168  15:58  Marine x2  
  168  16:00  Viking  
  172  16:16  Marine  
Tags
 
League
Master
Matchup
PvT
Spawn Locations
Close Positions
Add a new tag
Caveats
  • Supply blocks, unpowered buildings, or Contaminate may cause inaccurate times.
  • Supply counts are checked every 10 seconds.